 Dungeon Crawl Stone Soup version 0.23-a0-310-gdcc7a32 (webtiles) character file.

212 epen the Insei (level 5, -1/41 HPs)
             Began as a Gnoll Transmuter on Oct 12, 2018.
             Succumbed to a kobold's poison
             ... on level 3 of the Dungeon.
             The game lasted 00:03:03 (1666 turns).

epen the Insei (Gnoll Transmuter)                   Turns: 1666, Time: 00:03:04

Health: -1/41      AC:  2    Str: 15    XL:     5   Next: 90%
Magic:  8/12       EV: 24    Int: 15    God:
Gold:   131        SH:  0    Dex: 21    Spells: 8/14 levels left

rFire    . . .     SeeInvis .     - Unarmed
rCold    . . .     Gourm    .   (shield currently unavailable)
rNeg     . . .     Faith    .   (armour currently unavailable)
rPois    x         Spirit   .   (helmet currently unavailable)
rElec    .         Reflect  .   (cloak currently unavailable)
rCorr    .         Harm     .   (gloves currently unavailable)
MR       .....                  (boots currently unavailable)
Stlth    ++........             (no amulet)
HPRegen  0.13/turn              g - +2 ring of strength
MPRegen  0.13/turn              (no ring)

@: lethally poisoned (-1 -> -21), spider-form, flying
A: tiny, distributed training, strong nose
a: End Transformation


You were on level 3 of the Dungeon.
You were not hungry.
You were a venomous arachnid creature.
You visited 1 branch of the dungeon, and saw 3 of its levels.

You collected 131 gold pieces.

Inventory:

Missiles
 a - 9 arrows
Armour
 b - a +0 robe (melded)
 c - a +0 cloak (melded)
 e - a +2 hat (melded)
Jewellery
 g - a +2 ring of strength (left front leg)
Scrolls
 f - 2 scrolls of immolation {unknown}
 i - a scroll of remove curse {unknown}
 j - a scroll of random uselessness {unknown}
 k - 2 scrolls of amnesia {unknown}
 l - a scroll of magic mapping {unknown}
 o - a scroll of noise {unknown}
 p - a scroll of identify {unknown}
 q - a scroll of teleportation {unknown}
Comestibles
 d - 2 rations


   Skills:
 + Level 3.0 Fighting
 + Level 1.6 Short Blades
 + Level 1.6 Long Blades
 + Level 1.6 Axes
 + Level 1.6 Maces & Flails
 + Level 1.6 Polearms
 + Level 1.6 Staves
 + Level 1.6 Slings
 + Level 1.6 Bows
 + Level 1.6 Crossbows
 + Level 1.6 Throwing
 + Level 1.6 Armour
 + Level 4.8 Dodging
 + Level 1.6 Stealth
 + Level 1.6 Shields
 + Level 6.7 Unarmed Combat
 + Level 5.2 Spellcasting
 + Level 1.3 Conjurations
 + Level 1.3 Hexes
 + Level 1.3 Charms
 + Level 1.3 Summonings
 + Level 1.3 Necromancy
 + Level 1.3 Translocations
 + Level 4.0 Transmutations
 + Level 1.3 Fire Magic
 + Level 1.3 Ice Magic
 + Level 1.3 Air Magic
 + Level 1.3 Earth Magic
 + Level 1.3 Poison Magic
 + Level 1.8 Invocations
 + Level 1.6 Evocations


You had 8 spell levels left.
You knew the following spells:

 Your Spells              Type           Power        Failure   Level  Hunger
a - Beastly Appendage     Tmut           ###...       11%         1    None
b - Spider Form           Tmut/Pois      ##........   34%         3    ###....
c - Sticks to Snakes      Tmut           ###.....     14%         2    ##.....

Your spell library contained the following spells:

 Spells                   Type           Power        Failure   Level  Hunger
 Ice Form                 Ice/Tmut       ##......     69%         4    ####...
 Blade Hands              Tmut           ###.......   82%         5    ######.


Dungeon Overview and Level Annotations

Branches:
Dungeon (3/15)

Altars:
Fedhas
Kikubaaqudgha
The Shining One


Innate Abilities, Weirdness & Mutations

Your experience applies equally to all skills.
((You have very sharp teeth.))
Your uncanny sense of smell can sniff out nearby items.


Message History

Your +0 cloak melds into your body.
Your +2 hat melds into your body.
Your +0 robe melds into your body.
* * * LOW HITPOINT WARNING * * *
You feel sick.
* * * LOW HITPOINT WARNING * * *
You feel sick.
You fly downwards.
Your summoned ally is left behind.
* * * LOW HITPOINT WARNING * * *
You feel sick.
The kobold shoots a poisoned needle.
The poisoned needle barely misses you.
The kobold shoots a poisoned needle.
The poisoned needle hits you!
You are more poisoned.
There is a stone staircase leading up here.
You see here 3 poisoned needles.
* * * LOW HITPOINT WARNING * * *
You feel sick.
* * * LOW HITPOINT WARNING * * *
You feel sick.
The kobold shoots a poisoned needle.
The poisoned needle completely misses you.
You die...

##. #.. #.. ∆
.... #.. ....#
#.. ....# #..
... .
#.K####.####..
#..s.........#
#.............
##....)......#
#....<......#
#.........?..
#.....((...##
########(###
.# #


You could see a kobold.

Vanquished Creatures
  2 orc priests
  Natasha (twice) (D:2)
  4 adders (D:2)
  3 worms (D:2)
  2 dart slugs
  2 leopard geckos (D:2)
  3 orcs (D:2)
  2 giant cockroaches
  8 goblins
  6 hobgoblins (D:1)
  6 jackals
  5 bats
  A frilled lizard (D:1)
  4 kobolds (D:1)
  5 rats
55 creatures vanquished.

Notes
Turn   | Place    | Note
-------+----------+-------------------------------------------
     0 | D:1      | epen the Gnoll Transmuter began the quest for the Orb.
     0 | D:1      | Reached XP level 1. HP: 17/17 MP: 6/6
   142 | D:1      | Reached XP level 2. HP: 23/23 MP: 7/7
   275 | D:1      | Reached XP level 3. HP: 26/28 MP: 7/9
   302 | D:1      | Learned a level 3 spell: Spider Form
   305 | D:1      | Reached skill level 5 in Spellcasting
   563 | D:2      | Found a blossoming altar of Fedhas.
   609 | D:2      | Reached skill level 1 in Invocations
   645 | D:2      | Reached skill level 1 in Short Blades
   645 | D:2      | Reached skill level 1 in Long Blades
   645 | D:2      | Reached skill level 1 in Axes
   645 | D:2      | Reached skill level 1 in Maces & Flails
   645 | D:2      | Reached skill level 1 in Polearms
   645 | D:2      | Reached skill level 1 in Staves
   645 | D:2      | Reached skill level 1 in Slings
   645 | D:2      | Reached skill level 1 in Bows
   645 | D:2      | Reached skill level 1 in Crossbows
   645 | D:2      | Reached skill level 1 in Throwing
   645 | D:2      | Reached skill level 1 in Armour
   645 | D:2      | Reached skill level 1 in Stealth
   645 | D:2      | Reached skill level 1 in Shields
   645 | D:2      | Reached skill level 1 in Evocations
   645 | D:2      | Reached XP level 4. HP: 15/34 MP: 7/11
   856 | D:2      | Noticed Natasha
   864 | D:2      | Killed Natasha
   864 | D:2      | Reached skill level 1 in Conjurations
   864 | D:2      | Reached skill level 1 in Hexes
   864 | D:2      | Reached skill level 1 in Charms
   864 | D:2      | Reached skill level 1 in Summonings
   864 | D:2      | Reached skill level 1 in Necromancy
   864 | D:2      | Reached skill level 1 in Translocations
   864 | D:2      | Reached skill level 1 in Fire Magic
   864 | D:2      | Reached skill level 1 in Ice Magic
   864 | D:2      | Reached skill level 1 in Air Magic
   864 | D:2      | Reached skill level 1 in Earth Magic
   864 | D:2      | Reached skill level 1 in Poison Magic
   910 | D:2      | Learned a level 2 spell: Sticks to Snakes
  1028 | D:2      | Found a glowing golden altar of the Shining One.
  1030 | D:2      | Noticed Natasha
  1032 | D:2      | Found an ancient bone altar of Kikubaaqudgha.
  1037 | D:2      | Killed Natasha
  1037 | D:2      | Reached XP level 5. HP: 34/40 MP: 9/12
  1664 | D:3      | HP: 2/41 [poisoned by a kobold]
  1666 | D:3      | Succumbed to a kobold's poison

Vault maps used:
D:1:      dpeg_arrival_three_bigger_balls
D:2:      cheibrodos_helix_gallery, grunt_temple_overflow_open,
          minmay_liquid_box, uniq_natasha
D:3:      minmay_wonky_spiral, old_standard_altar,
          chequers_ecumenical_altar_simple_redux

Skill      XL: |  1  2  3  4  5 |
---------------+----------------+-----
Spellcasting   | 5 |  5.2
Invocations    | 1 |  1.8
Short Blades   | 1 |  1.6
Long Blades    | 1 |  1.6
Axes           | 1 |  1.6
Maces & Flails | 1 |  1.6
Polearms       | 1 |  1.6
Staves         | 1 |  1.6
Slings         | 1 |  1.6
Bows           | 1 |  1.6
Crossbows      | 1 |  1.6
Throwing       | 1 |  1.6
Armour         | 1 |  1.6
Stealth        | 1 |  1.6
Shields        | 1 |  1.6
Evocations     | 1 |  1.6
Conjurations   | 1 |  1.3
Hexes          | 1 |  1.3
Charms         | 1 |  1.3
Summonings     | 1 |  1.3
Necromancy     | 1 |  1.3
Translocations | 1 |  1.3
Fire Magic     | 1 |  1.3
Ice Magic      | 1 |  1.3
Air Magic      | 1 |  1.3
Earth Magic    | 1 |  1.3
Poison Magic   | 1 |  1.3
Fighting       | 3 |  3.0
Transmutations | 4 |  4.0
Dodging        | |  4.8
Unarmed Combat | |  6.7

Action                   |  1- 3 |  4- 6 || total
-------------------------+-------+-------++-------
Melee: Unarmed           |    77 |    67 ||   144
       Kick              |     7 |       ||     7
       Bite              |     1 |     6 ||     7
       Headbutt          |       |     2 ||     2
       Punch             |       |     1 ||     1
 Cast: Beastly Appendage |     3 |     1 ||     4
       Spider Form       |     3 |     6 ||     9
       Sticks to Snakes  |       |     3 ||     3
 Abil: End Transformatio |       |     1 ||     1
  Use: Potion            |       |     2 ||     2
 Stab: Sleeping          |     3 |     4 ||     7
  Eat: Chunk             |       |     3 ||     3
Armor: Robe              |    13 |     3 ||    16
       Skin              |     1 |     2 ||     3
Dodge: Dodged            |    62 |    64 ||   126

Table legend:
 A = Non-vault XP
 B = Vault XP
 C = Vault XP percentage of total XP
 D = Non-vault monster count
 E = Vault monster count
 F = Vault count percentage of total count
                 A         B        C        D         E       F
            +---------+---------+-------+---------+---------+-------
      Total |     256 |      48 |  15.8 |      52 |       3 |   5.5
            +---------+---------+-------+---------+---------+-------
        D:1 |      48 |       0 |   0.0 |      28 |       0 |   0.0
        D:2 |     164 |      48 |  22.6 |      23 |       3 |  11.5
        D:3 |      44 |       0 |   0.0 |       1 |       0 |   0.0
            +---------+---------+-------+---------+---------+-------
